 Dungeon Sprint DCSS version 0.30-a0-953-g5f1da4a474 (webtiles) character file.

Game seed: 16205655520297450091

352 dialectric the Unseen (level 6, -3/33 HPs)
             Began as a Spriggan Brigand on Mar 28, 2023.
             Slain by a merfolk siren
             ... wielding a +0 spear
              (14 damage)
             ... in the Dungeon (Sprint II: "The Violet Keep of Menkaure").
             The game lasted 00:01:36 (59 turns).

dialectric the Unseen (Spriggan Brigand)              Turns: 59, Time: 00:01:37

Health: -3/33      AC:  3    Str:  7    XL:     6   Next: 35%
Magic:  7/7        EV: 19    Int: 12    God:
Gold:   243        SH:  0    Dex: 19    Spells: 5/5 levels left

rFire   . . .      SeeInvis +    a - +2 dagger
rCold   . . .      Faith    .    (no shield)
rNeg    . . .      Spirit   .    b - +0 robe
rPois   .          Reflect  .    (helmet restricted)
rElec   .          Rampage  .    c - +0 cloak
rCorr   .          NoTele   +    (gloves unavailable)
Will    +....                    (boots unavailable)
Stlth   +++++++                  (no amulet)
HPRegen 0.25/turn                (no ring)
MPRegen 0.10/turn                (no ring)

@: lethally poisoned (-3 -> -17), on berserk cooldown, mesmerised, very quick
A: very small, no large weapons, unfitting armour, see invisible, speed 3
a: no special abilities


You were in the Dungeon.
You visited 1 branch You collected 243 gold pieces.

Inventory:

Hand Weapons
 a - a +2 dagger (weapon)
Missiles
 d - 9 poisoned darts (quivered)
Armour
 b - a +0 robe (worn)
 c - a +0 cloak (worn)
Scrolls
 k - a scroll of blinking
Potions
 h - a potion of haste
 i - 2 potions of magic


   Skills:
 + Level 4.3 Fighting
 + Level 5.8 Short Blades
 - Level 2.9 Throwing
 + Level 4.6 Dodging
 + Level 17.2 Stealth


You had 5 spell levels left.
You didn't know any spells.
Your spell library was empty.

Dungeon Overview and Level Annotations

Branches:
Dungeon (1/1)

Altars:

Shops:
D ?!


Innate Abilities, Weirdness & Mutations

You are very small and have problems with some larger weapons.
You are too small for most types of armour.
You have supernaturally acute eyesight. (SInv)
You cover ground extremely quickly. (Speed+++)


Message History

The water moccasin poisons you!
The water moccasin completely misses you.
The merfolk siren closely misses you.
Unknown command.
Unknown command.
Throw: 2 darts (curare)
Press: ? - help, Q - select action, (/) - cycle Shift-Dir - straight line, f/p - merfolk siren
Aim: a merfolk siren, wielding a +0 spear (moderately wounded, very poisoned, slow, 58% to hit)
You throw a curare-tipped dart.
The curare-tipped dart barely misses the merfolk siren.
You feel very sick.
The water moccasin barely misses you. x2
The merfolk siren completely misses you.
Unknown command.
Unknown command.
You feel better. The water moccasin barely misses you.
The water moccasin completely misses you.
The merfolk siren chants a haunting song.
You are mesmerised by the merfolk siren!
Throw: dart (curare)
Press: ? - help, Q - select action, (/) - cycle Shift-Dir - straight line, f/p - merfolk siren
Aim: a merfolk siren, wielding a +0 spear (moderately wounded, mesmerising, very poisoned, slow, 58% to hit)
You throw a curare-tipped dart.
The curare-tipped dart hits the merfolk siren.
The merfolk siren looks as sick as possible!
The merfolk siren convulses.
The merfolk siren seems to be slow for longer.
The merfolk siren is heavily wounded.
The water moccasin misses you. The water moccasin closely misses you.
Unknown command.
Unknown command.
Unknown command.
The water moccasin attacks as you move away!
The water moccasin bites you!
You are lethally poisoned!
The water moccasin poisons you!
You feel yourself speed up.
You feel very sick.
The merfolk siren hits you with a +0 spear!
You die... ≈°≈zzzz°. # zzzzz

###~~#+++#+++##
##~~~.........#
.#~~~~.##'##..#
∩#~~~~##.#.##.####
.#~~~~#..#..#....#
∩#~~#
##†.†####..##
.#~##3
##†###@##..# .#~
#.##.##(mS#..# .+
#'.<.+.#$'..#
###.##...#....#
#+###.##...§§.~ ##
§~§....~#
§~~~~..~#
§~~§§~.§#
~≈≈≈~~~~~#


You could see a merfolk siren (mesmerising, extremely poisoned, slow) and a
water moccasin.

Vanquished Creatures
  Menkaure (D)
  4 necrophages (D)
5 creatures vanquished.

Notes
Turn   | Place    | Note
-------+----------+-------------------------------------------
     0 | D        | dialectric the Spriggan Brigand began the quest for the
                  | Orb.
     0 | D        | Reached XP level 1. HP: 10/10 MP: 2/2
     1 | D        | Noticed a neqoxec
     3 | D        | Noticed a necrophage
     3 | D        | Noticed a necrophage
     3 | D        | Noticed a necrophage
     3 | D        | Noticed a necrophage
    10 | D        | Killed a necrophage
    11 | D        | Reached skill level 11 in Stealth
    11 | D        | Reached XP level 2. HP: 16/16 MP: 3/3
    11 | D        | Reached XP level 3. HP: 19/19 MP: 4/4
    20 | D        | Killed a necrophage
    21 | D        | Reached skill level 13 in Stealth
    21 | D        | Reached XP level 4. HP: 20/24 MP: 5/5
    26 | D        | Killed a necrophage
    27 | D        | Reached skill level 14 in Stealth
    27 | D        | Reached XP level 5. HP: 12/28 MP: 6/6
    30 | D        | Reached skill level 5 in Short Blades
    30 | D        | Reached skill level 15 in Stealth
    35 | D        | Noticed a flying skull
    35 | D        | Noticed a flying skull
    35 | D        | Noticed a flying skull
    35 | D        | Noticed a flying skull
    36 | D        | Noticed a flying skull
    36 | D        | Noticed a flying skull
    36 | D        | Noticed a flying skull
    36 | D        | Noticed a flying skull
    37 | D        | Noticed a flying skull
    37 | D        | Noticed a flying skull
    37 | D        | Noticed a flying skull
    37 | D        | Noticed a flying skull
    37 | D        | Noticed Menkaure
    38 | D        | Found Entomy's Magic Scroll Boutique.
    38 | D        | Found Duodu's Distillery.
    39 | D        | Killed Menkaure
    40 | D        | Reached skill level 17 in Stealth
    40 | D        | Reached XP level 6. HP: 33/33 MP: 7/7
    44 | D        | Noticed a water moccasin
    51 | D        | Noticed a merfolk siren
    59 | D        | Slain by a merfolk siren

Illustrated notes

Levels and vault maps discovered:
D:        the_violet_keep_of_menkaure [sprint2_stairs_cluster_1,
          sprint2_shoproom, sprint2_temple, sprint2_basic_supplies,
          sprint2_obstacle_5, sprint2_obstacle_2, sprint2_obstacle_1,
          sprint2_obstacle_6, sprint2_obstacle_4, sprint2_timed_cluster_1,
          sprint2_smallroom_cluster_1, sprint2_smallroom_final_cluster_1,
          sprint2_transparent_cluster_1, sprint2_second_timed_cluster_1,
          sprint2_sniper_area_1, sprint2_heavy_combat_area_1,
          sprint2_mutation_trap_area_1, sprint2_forest_area_1,
          sprint2_light_combat_area_1, sprint2_behind_water_1,
          sprint2_near_end_vault_1]

Skill      XL: |  1  2  3  4  5 |
---------------+----------------+-----
Fighting       | 2 3 4 |  4.3
Short Blades   | 3 4 5 |  5.8
Dodging        | 2 3 4 |  4.6
Stealth        | 11 13 14 17 | 17.2
Throwing       | |  2.9

Action                     |  1- 3 |  4- 6 || total
---------------------------+-------+-------++-------
  Melee: Dagger            |    14 |    12 ||    26
         Punch             |       |     1 ||     1
  Throw: Dart              |       |     3 ||     3
    Use: Potion            |     1 |     2 ||     3
   Stab: Sleeping          |       |     1 ||     1
 Armour: Robe              |     6 |     1 ||     7
  Dodge: Dodged            |    11 |    16 ||    27

Table legend: (Time is in decaauts)
 A = Elapsed time spent in this place.
 B = Non-inter-level travel time spent in this place.
 C = Inter-level travel time spent in this place.
 D = Time resting spent in this place.
 E = Time spent auto-exploring this place.
 F = Levels seen in this place.
 G = Mean time per level.
                   A        B        C        D        E       F      G
               +--------+--------+--------+--------+--------+-----+--------+
         Total |     49 |     49 |      0 |      0 |      0 |   1 |   49.0 |
       Dungeon |     49 |     49 |      0 |      0 |      0 |   1 |   49.0 |
               +--------+--------+--------+--------+--------+-----+--------+

Top non-repeatable levels by time:
       D: 49 daAuts
